AoeStats
← Niroxs

MegaRandom

509616942Analyzed
4v4 RM · 4d ago on Sep 27, 2026· 20m 9s· 8 players
Game mode
Random Map
Map size
Large (8 player)
Population
200
Speed
Normal
Resources
Standard
Victory
Conquest
Starting age
Dark Age
Ending age
Imperial Age
RankedLock teamsTeams togetherTeam positionsShared explorationLock speedFull tech treeHidden civsTurbo modeCheats
Victory
Defeat
🇨🇭 Lithuanians · Switzerland
1767
+12
🇹🇼 Malians · Taiwan
1740
+13
🇹🇼 Franks · Taiwan
1670
+15
🇨🇳 Saracens · China
1641
+17
🇨🇭 Britons · Switzerland
1700
-16
🇧🇪 Chinese · Belgium
1657
-14
🇩🇪 Burgundians · Germany
1656
-14
🇳🇱 Bohemians · Netherlands
1635
-13
xxxxx
4:18 Loom
9:39 Feudal Age
10:41 Double-Bit Axe
13:19 Fletching
22:20 Castle Age
Mehere
0:28 Loom
10:15 Feudal Age
14:25 Fletching
16:04 Padded Archer Armor
Arie
9:16 Loom
11:44 Feudal Age
12:15 Double-Bit Axe
15:23 Castle Age
17:59 Chemistry
Obuk
6:15 Double-Bit Axe
7:19 Loom
9:31 Feudal Age
10:31 Bow Saw
11:55 Horse Collar
13:22 Wheelbarrow
17:02 Forging
18:38 Scale Barding Armor
YanShiba
5:12 Loom
9:03 Feudal Age
9:46 Double-Bit Axe
16:12 Wheelbarrow
16:49 Scale Barding Armor
21:14 Castle Age
20:05 Forging
19:49 Gold Mining
Niroxs
8:38 Feudal Age
9:18 Double-Bit Axe
10:22 Horse Collar
10:58 Loom
13:14 Scale Barding Armor
19:12 Castle Age
17:33 Gold Mining
19:08 Bloodlines
19:16 Forging
20:56 Chain Barding Armor
只想躺赢
9:54 Feudal Age
10:23 Double-Bit Axe
14:31 Fletching
19:13 Padded Archer Armor
2KM1
6:22 Loom
6:33 Loom
8:53 Feudal Age
8:56 Man-at-Arms
9:28 Double-Bit Axe
14:31 Fletching
16:58 Padded Archer Armor
19:33 Horse Collar
Connection lost

Rejoining the realm…

Still unreachable

The connection could not be restored.

Session expired

The server has moved on; the page needs a fresh start.